[Event "Titled Tuesday Blitz May 30 Early 2023"]
[White "koncheto"]
[Black "Jovic, Stanoje"]
[BlackFideId "905020"]
[WhiteElo "2590"]
[BlackElo "2236"]
[Result "1-0"]
[Round "06"]
[TimeControl "180+2"]
[Date "2023.05.30"]
[WhiteClock "0:00:03"]
[BlackClock "0:00:00"]

1. e4 c6 2. d4 d5 3. Nc3 dxe4 4. Nxe4 Nf6 5. Nxf6+ exf6 6. c3 Bd6 7. Bd3 O-O 8. Ne2 Qc7 9. O-O Bxh2+ 10. Kh1 Bd6 11. f4 Bg4 12. Qc2 Bxe2 13. Qxe2 Nd7 14. Bd2 Rfe8 15. Qg4 Nf8 16. Rf3 Qc8 17. f5 c5 18. dxc5 Qxc5 19. Bh6 g6 20. fxg6 Nxg6 21. Rxf6 Qe5 22. Rf4 Kh8 23. Bxg6 fxg6 24. Raf1 Kg8 25. g3 Qd5+ 26. R4f3 Re2 27. c4 Qc6 28. b4 b6 29. a4 Rae8 30. b5 Qb7 31. a5 bxa5 32. c5 R2e4 33. Qh3 Bxc5 34. Qg2 Qe7 35. Bf4 Re2 36. Qh3 h5 37. g4 Qe6 38. gxh5 Qxh3+ 39. Rxh3 R8e4 40. hxg6 Re6 41. Rg3 Kg7 42. Bh6+ Kxh6 43. g7 Re8 44. g8=Q Rxg8 45. Rxg8 Bd6 46. Rg4 Rh2+ 47. Kg1 Rd2 48. Rf2 Bc5 49. Rc4 Re2 50. Rxc5 Re1+ 51. Kg2 Re6 52. Rc6 Kh5 53. Rxe6 a4 54. Re3 1-0


[Site "https://www.chess.com"]

[Event "Titled Tuesday Blitz May 30 Early 2023"]
[White "Gheorghiu, Calin"]
[Black "KorolDimitriy75"]
[WhiteFideId "1200305"]
[WhiteElo "2223"]
[BlackElo "2415"]
[Result "1-0"]
[Round "06"]
[TimeControl "180+2"]
[Date "2023.05.30"]
[WhiteClock "0:00:06"]
[BlackClock "0:00:03"]

1. e4 c5 2. Nf3 d6 3. Bb5+ Nd7 4. O-O Nf6 5. Re1 a6 6. Bf1 e5 7. c3 Be7 8. d4 O-O 9. a4 b6 10. Bg5 Re8 11. Nbd2 Qc7 12. Nc4 Bb7 13. d5 h6 14. Bh4 Nh7 15. Ne3 Bf8 16. Qd2 g6 17. Ng4 h5 18. Nh6+ Kg7 19. g4 hxg4 20. Nxg4 Kg8 21. Kh1 Bg7 22. Bh3 Ndf6 23. Nxf6+ Nxf6 24. Qe3 Bc8 25. Ng5 Bxh3 26. Qxh3 Qd7 27. Qxd7 Nxd7 28. f3 b5 29. Nh3 Reb8 30. axb5 axb5 31. Nf2 Bf8 32. Nd3 c4 33. Nb4 Nc5 34. Nc6 Rc8 35. Be7 Nb3 36. Rxa8 Rxa8 37. Bxf8 Kxf8 38. h4 Ra2 39. Re2 Nc1 40. Rh2 Nd3 41. h5 gxh5 42. Rxh5 Rxb2 43. Rh6 Rc2 44. Rxd6 Rxc3 45. Rd8+ Kg7 46. d6 Rc2 47. d7 Rc1+ 48. Kg2 Rc2+ 49. Kg3 Rd2 50. Rg8+ Kxg8 51. d8=Q+ Kg7 52. Qg5+ Kf8 53. Qe7+ Kg7 54. Nd8 Nf4 55. Qxf7+ Kh6 56. Qf6+ Kh5 57. Qf5+ Kh6 58. Nf7+ Kg7 59. Nxe5 Ne2+ 60. Kg4 Nd4 61. Qf7+ Kh8 62. Ng6# 1-0


[Site "https://www.chess.com"]

[Event "Titled Tuesday Blitz May 30 Early 2023"]
[White "Lehtosaari, Mauri"]
[Black "Toktomushev, Teimur"]
[WhiteFideId "501999"]
[BlackFideId "14176726"]
[WhiteElo "2525"]
[BlackElo "2116"]
[Result "1-0"]
[Round "06"]
[TimeControl "180+2"]
[Date "2023.05.30"]
[WhiteClock "0:00:52"]
[BlackClock "0:00:00"]

1. d4 d5 2. Nf3 Nf6 3. Bg5 Ne4 4. Bf4 c5 5. e3 Nc6 6. c3 Qb6 7. Qb3 c4 8. Qxb6 axb6 9. Nfd2 Bf5 10. Be2 b5 11. Bf3 Nxd2 12. Nxd2 e6 13. e4 dxe4 14. Nxe4 b4 15. Nd6+ Bxd6 16. Bxd6 Kd7 17. Bc5 bxc3 18. bxc3 b6 19. Bxb6 Ra3 20. Rc1 Rb8 21. Bc5 Rxa2 22. O-O Na5 23. Ra1 Rxa1 24. Rxa1 Rb5 25. Bb4 Nc6 26. Bc5 Rb3 27. Rc1 Nd8 28. Bd1 Rb2 29. Ba4+ 1-0


[Site "https://www.chess.com"]

[Event "Titled Tuesday Blitz May 30 Early 2023"]
[White "ChawitAp"]
[Black "robertoalejandro10"]
[WhiteElo "2409"]
[BlackElo "2524"]
[Result "1-0"]
[Round "06"]
[TimeControl "180+2"]
[Date "2023.05.30"]
[WhiteClock "0:00:29"]
[BlackClock "0:00:00"]

1. d4 Nf6 2. Nf3 c5 3. c3 g6 4. Bf4 Bg7 5. Nbd2 b6 6. e3 Bb7 7. Be2 O-O 8. O-O d6 9. a4 Nbd7 10. a5 a6 11. axb6 Qxb6 12. Nc4 Qc7 13. Na5 Be4 14. Nd2 Rab8 15. Nxe4 Nxe4 16. Qc2 Nef6 17. Bxa6 Nd5 18. Bg3 cxd4 19. exd4 Nb4 20. Qe2 Nxa6 21. Qxa6 Rxb2 22. Nc6 Bf6 23. d5 Nc5 24. Qc4 Qd7 25. Ra7 Rb7 26. Rxb7 Qxb7 27. h4 h5 28. Re1 e5 29. f4 e4 30. Bf2 Nd3 31. Rxe4 Qb1+ 32. Kh2 Nxf2 33. Re2 Ng4+ 34. Kg3 Qg1 35. Qe4 Bxh4+ 36. Kf3 Qh2 37. Qe7 Qg3+ 38. Ke4 1-0


[Site "https://www.chess.com"]

[Event "Titled Tuesday Blitz May 30 Early 2023"]
[White "hakanazeri2"]
[Black "Manukian, Artak"]
[BlackFideId "13301373"]
[WhiteElo "2520"]
[BlackElo "2130"]
[Result "1-0"]
[Round "06"]
[TimeControl "180+2"]
[Date "2023.05.30"]
[WhiteClock "0:00:07"]
[BlackClock "0:00:27"]

1. d4 d5 2. Bf4 Bg4 3. Nc3 c6 4. f3 Bh5 5. e3 e6 6. g4 Bg6 7. h4 h5 8. g5 Bd6 9. Nh3 Ne7 10. Qd2 b5 11. Bxd6 Qxd6 12. Nf4 Nd7 13. Nce2 Nb6 14. Ng3 Nf5 15. Nxf5 Bxf5 16. Bd3 Bxd3 17. cxd3 g6 18. Rc1 O-O 19. Rg1 a5 20. Kf2 Rfc8 21. e4 Qb4 22. Ke3 Qxd2+ 23. Kxd2 Na4 24. Rc2 Ra6 25. Ke3 Nb6 26. Rgc1 Nd7 27. Kf2 Kf8 28. exd5 exd5 29. Nxd5 Nb8 30. Nf6 Rd8 31. d5 cxd5 32. Rc8 Rd6 33. d4 Ke7 34. Rxd8 Rxd8 35. Rc5 b4 36. Nxd5+ Kd6 37. Nf6 Nc6 38. Ne4+ Kd7 39. d5 Ne5 40. Rxa5 Nd3+ 41. Ke3 Nxb2 42. Ra7+ Kc8 43. Kd4 Nd1 44. Rxf7 Nc3 45. Nxc3 bxc3 46. Kxc3 Rxd5 47. Rf6 Ra5 48. Rxg6 Ra3+ 49. Kd4 Rxf3 50. Rh6 Rf4+ 51. Ke5 Rxh4 52. g6 Kd7 53. Kf6 Rf4+ 54. Kg5 Rf2 55. Rxh5 Rxa2 56. Kf6 Rf2+ 57. Rf5 Rxf5+ 58. Kxf5 Ke7 59. Ke5 Ke8 60. Ke6 Kf8 61. Kf6 Kg8 62. g7 1-0


[Site "https://www.chess.com"]

[Event "Titled Tuesday Blitz May 30 Early 2023"]
[White "Bagwe Gaurang"]
[Black "Mazurkiewicz, Michal"]
[WhiteFideId "45039895"]
[BlackFideId "1124943"]
[WhiteElo "1847"]
[BlackElo "2054"]
[Result "0-1"]
[Round "06"]
[TimeControl "180+2"]
[Date "2023.05.30"]
[WhiteClock "0:00:00"]
[BlackClock "0:00:59"]

1. d4 Nf6 2. g3 g6 3. Bg2 Bg7 4. c4 O-O 5. Nc3 d6 6. Nf3 c5 7. O-O cxd4 8. Nxd4 Qa5 9. Bd2 Qh5 10. e3 Bg4 11. f3 Bh3 12. g4 Qh4 13. Qe1 Qxe1 14. Raxe1 Bxg2 15. Kxg2 Rc8 16. b3 Nc6 17. Nxc6 Rxc6 18. e4 e6 19. h3 a6 20. f4 b5 21. cxb5 axb5 22. Nxb5 Rxa2 23. Rf2 Rcc2 24. Ree2 Nxe4 25. Rxe4 Rxd2 26. Rxd2 Rxd2+ 27. Kf3 Rd3+ 28. Kg2 d5 29. Ra4 Rxb3 30. Ra8+ Bf8 31. Nd4 Rb2+ 32. Kf3 Rb6 33. f5 gxf5 34. g5 Kg7 35. h4 Bc5 36. Ne2 Rb3+ 37. Kg2 Rb4 38. h5 Rg4+ 39. Kf3 Rxg5 40. Nf4 Bd6 41. Nd3 Rxh5 42. Rd8 Rh3+ 43. Ke2 Bc7 44. Rd7 Bb6 45. Ne5 Re3+ 46. Kd2 Rxe5 47. Rb7 Ba5+ 48. Kd3 Re4 49. Ra7 Bd8 50. Rd7 Bf6 51. Ra7 d4 52. Ra2 Re3+ 53. Kc4 e5 54. Kd5 d3 55. Rg2+ Kf8 56. Kd6 Re2 0-1


[Site "https://www.chess.com"]

[Event "Titled Tuesday Blitz May 30 Early 2023"]
[White "Ladan, Nicholas"]
[Black "Estrada Nieto, Julian"]
[WhiteFideId "30918855"]
[BlackFideId "5101018"]
[WhiteElo "2167"]
[BlackElo "2161"]
[Result "0-1"]
[Round "06"]
[TimeControl "180+2"]
[Date "2023.05.30"]
[WhiteClock "0:00:04"]
[BlackClock "0:00:13"]

1. d4 Nf6 2. c3 d5 3. Bg5 c6 4. e3 Bf5 5. Bd3 Bxd3 6. Qxd3 Nbd7 7. Nd2 e6 8. e4 dxe4 9. Nxe4 Be7 10. Nf3 O-O 11. O-O Nxe4 12. Bxe7 Nxf2 13. Qxh7+ Kxh7 14. Bxd8 Nh3+ 15. gxh3 Raxd8 16. Ng5+ Kg8 17. Rf2 Nf6 18. Re1 Rd5 19. h4 Rfd8 20. Ne4 Nxe4 21. Rxe4 c5 22. dxc5 Rxc5 23. Rb4 b6 24. a4 Rcd5 25. Kg2 Rd2 26. Rb5 Rxf2+ 27. Kxf2 Rd2+ 28. Kg3 f5 29. a5 bxa5 30. Rxa5 Rxb2 31. Rxa7 Rc2 32. Rc7 e5 33. Rc5 Re2 34. h5 Kf7 35. Kh4 Rxh2+ 36. Kg5 Rh3 37. Rc7+ Ke6 38. Rxg7 f4 39. Rg6+ Kd5 40. Rf6 Rg3+ 41. Kh4 Rxc3 42. h6 Rc1 43. Kg4 Rh1 44. Kf3 Rh3+ 45. Kf2 Ke4 46. Re6 Rh5 47. Rc6 Kf5 48. Kf3 Rh3+ 49. Kf2 e4 50. Rc5+ Kg4 51. Re5 e3+ 52. Ke2 Rh2+ 53. Ke1 Kf3 54. Rg5 Rh1+ 55. Rg1 Rxg1# 0-1


[Site "https://www.chess.com"]

[Event "Titled Tuesday Blitz May 30 Early 2023"]
[White "Matveeva, Olga"]
[Black "surrenderPLS"]
[WhiteFideId "24107018"]
[WhiteElo "2009"]
[BlackElo "2506"]
[Result "1/2-1/2"]
[Round "06"]
[TimeControl "180+2"]
[Date "2023.05.30"]
[WhiteClock "0:00:39"]
[BlackClock "0:00:03"]

1. d4 Nf6 2. c4 e6 3. g3 c5 4. d5 d6 5. Nc3 exd5 6. cxd5 g6 7. Bg2 Bg7 8. Nf3 O-O 9. O-O Re8 10. Nd2 a6 11. a4 Nbd7 12. h3 Rb8 13. Nc4 Ne5 14. Na3 Nh5 15. e4 Bd7 16. a5 b5 17. axb6 Bb5 18. Naxb5 axb5 19. Nxb5 Qxb6 20. Nc3 c4 21. Kh2 Nd3 22. Na4 Qb5 23. Nc3 Qb3 24. Qxb3 Rxb3 25. Ra6 Nxc1 26. Rxc1 Rxb2 27. Nd1 Rd2 28. Rxd6 c3 29. Rc6 Be5 30. Kg1 Bd4 31. d6 Nxg3 32. d7 Rf8 33. Rc8 Bb6 34. Nxc3 Bxf2+ 35. Kh2 Rxd7 36. Nd5 Rxc8 37. Rxc8+ Kg7 38. Rc2 Be1 39. Rc1 Bd2 40. Rc2 Be1 41. Rc1 Bd2 42. Rc2 Be1 1/2-1/2


[Site "https://www.chess.com"]

[Event "Titled Tuesday Blitz May 30 Early 2023"]
[White "Dwilewicz, Katarzyna"]
[Black "Jaskolka, Tomasz"]
[WhiteFideId "1148486"]
[BlackFideId "1170791"]
[WhiteElo "2065"]
[BlackElo "2155"]
[Result "0-1"]
[Round "06"]
[TimeControl "180+2"]
[Date "2023.05.30"]
[WhiteClock "0:00:00"]
[BlackClock "0:00:28"]

1. e4 d5 2. exd5 Nf6 3. d4 Bg4 4. Be2 Bxe2 5. Qxe2 Qxd5 6. Nf3 e6 7. O-O Nc6 8. Rd1 Bd6 9. c4 Qh5 10. Nc3 O-O-O 11. c5 Be7 12. Bf4 Nd5 13. Bg3 Bf6 14. Ne4 Qg6 15. Nxf6 gxf6 16. a3 Rhg8 17. b4 f5 18. Nh4 Qg7 19. f3 Nc3 20. Qf2 Nxd1 21. Rxd1 Rxd4 22. Rxd4 Qxd4 23. Qxd4 Nxd4 24. Be5 Nc2 25. Bb2 Rd8 26. Kf1 Ne3+ 27. Ke2 Nc4 28. Bc1 Ne5 29. g3 Nc6 30. Ng2 Nd4+ 31. Kf2 Nb3 32. Bg5 Rd3 33. Nf4 Rc3 34. Nh5 Rc2+ 35. Kg1 Nd2 36. Bxd2 Rxd2 37. h4 Ra2 38. Nf6 h6 39. Ng8 Rxa3 40. Nxh6 Rxf3 41. Kg2 Rb3 42. Nxf7 Rxb4 43. h5 f4 44. h6 Rb2+ 45. Kh3 Rb1 46. gxf4 a5 0-1


[Site "https://www.chess.com"]

[Event "Titled Tuesday Blitz May 30 Early 2023"]
[White "Sargissyan, Sargis"]
[Black "Olenik Campa, Rudi"]
[WhiteFideId "13303210"]
[BlackFideId "14633264"]
[WhiteElo "2109"]
[BlackElo "2249"]
[Result "0-1"]
[Round "06"]
[TimeControl "180+2"]
[Date "2023.05.30"]
[WhiteClock "0:00:03"]
[BlackClock "0:01:03"]

1. e4 c5 2. Nf3 Nc6 3. d4 cxd4 4. Nxd4 Nf6 5. Nc3 e5 6. Ndb5 d6 7. Bg5 a6 8. Na3 b5 9. Nd5 Be7 10. Bxf6 Bxf6 11. c3 Bg5 12. Nc2 Rb8 13. g3 O-O 14. h4 Bh6 15. Bg2 Be6 16. O-O g6 17. f4 exf4 18. Nxf4 Ne5 19. Nd4 Bg4 20. Qe1 Bxf4 21. gxf4 Nd7 22. Qg3 h5 23. Kh2 Rc8 24. Bh3 Bxh3 25. Kxh3 Nf6 26. Rae1 Qd7+ 27. Kh2 Ng4+ 28. Kh1 b4 29. f5 bxc3 30. bxc3 Qe7 31. f6 Qe5 32. Rf3 Rfe8 33. Qxe5 dxe5 34. Nb3 Rc6 35. Rd1 Rxf6 36. Rxf6 Nxf6 37. Rd6 Nxe4 38. Rxa6 Nxc3 39. a4 e4 40. a5 e3 41. Nd4 Rd8 0-1


[Site "https://www.chess.com"]

[Event "Titled Tuesday Blitz May 30 Early 2023"]
[White "Novikova, Galina"]
[Black "Senft, Sean"]
[WhiteFideId "4157095"]
[BlackFideId "2044960"]
[WhiteElo "1953"]
[BlackElo "1989"]
[Result "0-1"]
[Round "06"]
[TimeControl "180+2"]
[Date "2023.05.30"]
[WhiteClock "0:00:00"]
[BlackClock "0:00:13"]

1. e4 c5 2. Nf3 d6 3. d4 cxd4 4. Nxd4 Nf6 5. Nc3 a6 6. Rg1 e5 7. Nb3 Be6 8. g4 Be7 9. g5 Nfd7 10. h4 b5 11. Be3 Nb6 12. Nd5 Nxd5 13. exd5 Bf5 14. Bd3 Bxd3 15. Qxd3 Nd7 16. O-O-O Rc8 17. h5 Qc7 18. Kb1 a5 19. Qxb5 Qxc2+ 20. Ka1 Qf5 21. g6 hxg6 22. hxg6 fxg6 23. Nxa5 Kf7 24. Nc6 Ra8 25. Qd3 Nf6 26. Qxf5 gxf5 27. Nxe7 Kxe7 28. Rxg7+ Kf8 29. Rb7 Nxd5 30. a3 Nxe3 31. fxe3 Rd8 32. Rf1 Rh5 33. Ka2 d5 34. a4 d4 35. exd4 exd4 36. Rb5 Ke7 37. Rbxf5 Rxf5 38. Rxf5 Ke6 39. Rf1 Kd5 40. Kb3 Ke4 41. Kc2 d3+ 42. Kd2 Rh8 43. Rf2 Rb8 44. Kc3 Ke3 45. Rh2 Rc8+ 46. Kb4 Rc2 47. Rh3+ Ke2 48. b3 d2 49. Rh2+ Kd3 50. Rh1 Rc1 51. Rh3+ Kd4 52. Rh8 d1=Q 53. Rd8+ Ke5 54. Rxd1 Rxd1 55. a5 Kd6 56. Kb5 Kc7 57. b4 Kb7 58. Kc5 Rc1+ 59. Kb5 Rc2 60. Ka4 Rh2 61. Kb5 Rh5+ 62. Ka4 Ka6 63. Kb3 Kb5 64. Kc3 Rh3+ 0-1


[Site "https://www.chess.com"]

[Event "Titled Tuesday Blitz May 30 Early 2023"]
[White "Devaev, Alexander"]
[Black "Lopez Del Alamo, Antonio"]
[WhiteFideId "4169395"]
[BlackFideId "2227339"]
[WhiteElo "2172"]
[BlackElo "2175"]
[Result "1-0"]
[Round "06"]
[TimeControl "180+2"]
[Date "2023.05.30"]
[WhiteClock "0:00:08"]
[BlackClock "0:00:46"]

1. d4 Nf6 2. c4 g6 3. Nc3 Bg7 4. e4 d6 5. Nf3 O-O 6. h3 e5 7. d5 h6 8. g4 c6 9. Be3 cxd5 10. cxd5 Bd7 11. Nd2 Na6 12. Be2 Nc7 13. Nc4 Nfe8 14. Qd2 a5 15. Bxh6 b5 16. Bxg7 Kxg7 17. Ne3 b4 18. Ncd1 Rh8 19. Kf1 Na6 20. Kg2 Nc5 21. f3 Qh4 22. Rc1 Rc8 23. Qe1 Qf6 24. Rc2 Qd8 25. Qg3 g5 26. b3 Rh4 27. Nf2 Nf6 28. Rhc1 Nh7 29. Nc4 Be8 30. Nd3 Nxd3 31. Bxd3 Nf8 32. Ne3 Ng6 33. Nf5+ Kf6 34. Rxc8 Qb6 35. Qf2 Nf4+ 36. Kf1 Qb7 37. Nxh4 gxh4 38. R8c6 Qe7 39. Qxh4+ Kg7 40. Qxe7 1-0


[Site "https://www.chess.com"]

[Event "Titled Tuesday Blitz May 30 Early 2023"]
[White "Shtompel, Yuriy"]
[Black "Mika, Tomasz"]
[WhiteFideId "14168278"]
[BlackFideId "1132970"]
[WhiteElo "1844"]
[BlackElo "2179"]
[Result "1/2-1/2"]
[Round "06"]
[TimeControl "180+2"]
[Date "2023.05.30"]
[WhiteClock "0:00:03"]
[BlackClock "0:00:03"]

1. Nf3 d5 2. g3 Nf6 3. Bg2 Bg4 4. O-O e6 5. d3 Bd6 6. Nbd2 O-O 7. e4 dxe4 8. dxe4 e5 9. h3 Bh5 10. Qe2 Qe7 11. c3 Na6 12. Nc4 Bg6 13. Nh4 Rfd8 14. Ne3 Nc5 15. Nef5 Qf8 16. b4 Ne6 17. Be3 c5 18. b5 Bc7 19. Qc4 Nd7 20. a4 Nb6 21. Qe2 a5 22. bxa6 Rxa6 23. a5 Nc8 24. Rfb1 Nd6 25. Nxd6 Qxd6 26. Rxb7 Rxa5 27. Rbb1 Rda8 28. Rxa5 Rxa5 29. Nf5 Qf8 30. h4 h5 31. Rb7 Qa8 32. Qb2 Ra1+ 33. Kh2 Ra2 34. Qb3 c4 35. Qxc4 Ra4 36. Qc6 Bd8 37. Qd7 Nf8 38. Qb5 Ra5 39. Rb8 Rxb5 40. Rxa8 Bf6 41. Bf1 Rb7 42. Bc5 Bxf5 43. Rxf8+ Kh7 44. exf5 Rc7 45. Bb4 Rd7 46. Bg2 Rd2 47. f4 exf4 48. gxf4 Bxh4 49. Rxf7 Bf6 50. Ra7 h4 51. Ra1 Rc2 52. Rd1 Kh6 53. Rd3 Kh5 54. Kh3 Rc1 55. Bf3+ Kh6 56. Bd5 Rc2 57. c4 Bd8 58. c5 Bc7 59. Rf3 Rb2 60. Bd2 Rxd2 61. Be6 Rc2 62. Kxh4 Rxc5 63. Kg4 g6 64. Rh3+ Kg7 65. fxg6 Kxg6 66. f5+ Kf6 67. Rh6+ Ke5 68. Kg5 Rc1 69. Kg6 Rg1+ 70. Kf7 Bb6 71. Rh8 Bd4 72. Re8 Kd6 73. Rd8+ Kc5 74. Rd5+ Kc4 75. Ra5+ Kc3 76. Ra3+ Kb4 77. Rb3+ Kc5 78. Rb8 Kd6 79. Rd8+ Ke5 80. Rd5+ Ke4 81. Rd7 Rg7+ 82. Kf8 Rxd7 83. Bxd7 Kf4 84. Kf7 Bc3 85. Ke6 Bb2 86. f6 Bxf6 1/2-1/2


[Site "https://www.chess.com"]

[Event "Titled Tuesday Blitz May 30 Early 2023"]
[White "Goffredo_Fofi"]
[Black "Rodrigues Mota, Romulo Cardoso S"]
[BlackFideId "2187442"]
[WhiteElo "2498"]
[BlackElo "1936"]
[Result "1-0"]
[Round "06"]
[TimeControl "180+2"]
[Date "2023.05.30"]
[WhiteClock "0:00:36"]
[BlackClock "0:00:55"]

1. d4 Nf6 2. Bf4 e6 3. e3 d5 4. Nf3 Bd6 5. Nbd2 Bxf4 6. exf4 O-O 7. Bd3 b6 8. Qe2 Bb7 9. h4 c5 10. c3 cxd4 11. cxd4 Nc6 12. a3 a6 13. h5 b5 14. Rh4 Qb6 15. Nb3 Rac8 16. Rd1 h6 17. g4 Kh8 18. g5 Ng8 19. Rg4 f5 20. Rg3 Rc7 21. Kf1 Re7 22. Nh4 Ree8 23. Ng6+ Kh7 24. Nxf8+ Rxf8 25. gxh6 Nxh6 26. Qxe6 Rf6 27. Qe3 Ng4 28. Rxg4 1-0


[Site "https://www.chess.com"]

[Event "Titled Tuesday Blitz May 30 Early 2023"]
[White "Garakov, Mikhael"]
[Black "Silvestre, Christian"]
[WhiteFideId "4169034"]
[BlackFideId "30956269"]
[WhiteElo "2347"]
[BlackElo "2371"]
[Result "1-0"]
[Round "06"]
[TimeControl "180+2"]
[Date "2023.05.30"]
[WhiteClock "0:01:32"]
[BlackClock "0:00:55"]

1. e4 e5 2. Nf3 Nc6 3. Bb5 Nf6 4. O-O d6 5. d4 exd4 6. Nxd4 Bd7 7. Nc3 Be7 8. Bxc6 bxc6 9. h3 O-O 10. Qd3 Re8 11. Bf4 Bf8 12. Rfe1 c5 13. Nf3 Nh5 14. Bh2 Bc6 15. Nd2 Qg5 16. Rad1 Nf4 17. Bxf4 Qxf4 18. Qa6 Bd7 19. Nd5 Qg5 20. Nxc7 Bxh3 21. g3 Bg4 22. Nxa8 Bxd1 23. Rxd1 Rxa8 24. Kg2 Re8 25. Qxa7 f5 26. Qa4 fxe4 27. Qxe8 1-0


[Site "https://www.chess.com"]

[Event "Titled Tuesday Blitz May 30 Early 2023"]
[White "Kaganskiy, Gleb"]
[Black "Yurasova, Daria"]
[WhiteFideId "4132025"]
[BlackFideId "34146919"]
[WhiteElo "2165"]
[BlackElo "2109"]
[Result "1-0"]
[Round "06"]
[TimeControl "180+2"]
[Date "2023.05.30"]
[WhiteClock "0:00:24"]
[BlackClock "0:00:09"]

1. e4 e5 2. Nf3 Nc6 3. Bb5 a6 4. Ba4 Nf6 5. Nc3 b5 6. Bb3 Be7 7. d3 O-O 8. Nd5 Nxd5 9. exd5 Nd4 10. Nxe5 Nxb3 11. axb3 Bf6 12. d4 Bb7 13. c4 c5 14. O-O cxd4 15. Ng4 d6 16. Qf3 Be5 17. Bf4 Bxf4 18. Qxf4 Qb6 19. Rad1 Rac8 20. Rxd4 bxc4 21. bxc4 Qxb2 22. Nf6+ Kh8 23. Qf5 g6 24. Rh4 h5 25. Rxh5+ gxh5 26. Qh7# 1-0


[Site "https://www.chess.com"]

[Event "Titled Tuesday Blitz May 30 Early 2023"]
[White "Manon-og, Ramon Jr."]
[Black "cristianserban1"]
[WhiteFideId "5200776"]
[WhiteElo "2353"]
[BlackElo "2498"]
[Result "1-0"]
[Round "06"]
[TimeControl "180+2"]
[Date "2023.05.30"]
[WhiteClock "0:00:17"]
[BlackClock "0:00:01"]

1. e4 g6 2. d4 Bg7 3. Nc3 a6 4. Be3 c6 5. Nf3 d5 6. e5 Bg4 7. Be2 e6 8. O-O Ne7 9. Qd2 Nf5 10. Bg5 Qc7 11. h3 Bxf3 12. Bxf3 c5 13. dxc5 Bxe5 14. Rfe1 Nd7 15. Bxd5 O-O 16. Be4 Nxc5 17. Bxf5 gxf5 18. Bh6 Rfd8 19. Qg5+ Kh8 20. Rad1 Rg8 21. Qh4 Rg6 22. Be3 Rag8 23. g3 Nd7 24. Qe7 Bxg3 25. Qxd7 Bxf2+ 26. Kf1 Rg1+ 27. Ke2 Qh2 28. Bxf2 R1g2 29. Qd4+ e5 30. Qe3 f4 31. Qxe5+ 1-0


[Site "https://www.chess.com"]

[Event "Titled Tuesday Blitz May 30 Early 2023"]
[White "Szente Varga, Fruzsina"]
[Black "LangesNasenhaar"]
[WhiteFideId "712264"]
[WhiteElo "1994"]
[BlackElo "2497"]
[Result "1-0"]
[Round "06"]
[TimeControl "180+2"]
[Date "2023.05.30"]
[WhiteClock "0:00:15"]
[BlackClock "0:00:00"]

1. e4 d6 2. d4 Nf6 3. Nc3 Nbd7 4. f3 e5 5. Nge2 c6 6. Be3 b5 7. Qd2 b4 8. Nd1 d5 9. Nf2 Be7 10. O-O-O O-O 11. g4 dxe4 12. fxe4 exd4 13. Nxd4 Ne5 14. g5 Nfg4 15. Nxg4 Bxg4 16. Be2 Bxe2 17. Qxe2 Bxg5 18. Bxg5 Qxg5+ 19. Kb1 Rfe8 20. Rhg1 Qf6 21. Rdf1 Qd8 22. Nf5 g6 23. Rd1 Qc7 24. Qh5 Kh8 25. Qh6 Rg8 26. Qg5 f6 27. Qxf6+ Rg7 28. Nxg7 Qxg7 29. Rd8+ Rxd8 30. Qxd8+ Qg8 31. Qd4 Qg7 32. Rf1 h5 33. Qxb4 Kh7 34. Qc3 h4 35. a4 Kh6 36. Qe3+ Kh5 37. Rg1 Qf6 38. Qe2+ Qf3 39. Qa6 Qe3 40. Rd1 Qxe4 41. Qxa7 g5 42. Qc7 Qe2 43. Rd8 Nc4 44. Qh7+ Kg4 45. Rd4+ Kf3 46. Qh5+ 1-0


[Site "https://www.chess.com"]

[Event "Titled Tuesday Blitz May 30 Early 2023"]
[White "Martinez, Shawn"]
[Black "Karas, Marek"]
[WhiteFideId "2039770"]
[BlackFideId "14928558"]
[WhiteElo "2174"]
[BlackElo "2233"]
[Result "0-1"]
[Round "06"]
[TimeControl "180+2"]
[Date "2023.05.30"]
[WhiteClock "0:00:00"]
[BlackClock "0:00:03"]

1. e4 b6 2. d4 Bb7 3. Nc3 e6 4. a3 Nf6 5. Bd3 c5 6. Be3 cxd4 7. Bxd4 Nc6 8. Be3 d6 9. h3 Be7 10. Nf3 O-O 11. O-O Nd7 12. Qe2 Nc5 13. Rad1 Nxd3 14. Qxd3 a6 15. Rfe1 Qc7 16. Bf4 Rfd8 17. Qe3 Na5 18. Nd2 Rac8 19. Qg3 Bf6 20. Re3 Kh8 21. Rd3 Rd7 22. Nb3 Nc4 23. h4 Nxb2 24. Bxd6 Rxd6 25. Rxd6 Nxd1 26. Nxd1 Qxc2 27. e5 Be7 28. Rd7 Bd5 29. Ne3 Qxb3 30. Rxe7 Kg8 31. Qf4 Rf8 32. Ng4 Qxa3 33. Qg5 Kh8 34. Nf6 Qd3 35. Nd7 Rg8 36. Rxf7 Qg6 37. Qxg6 hxg6 38. Nf8 b5 39. Nxg6+ Kh7 0-1


[Site "https://www.chess.com"]

[Event "Titled Tuesday Blitz May 30 Early 2023"]
[White "Avalos Parra, Joao"]
[Black "Jakic, Ivan"]
[WhiteFideId "3402541"]
[BlackFideId "14504901"]
[WhiteElo "2173"]
[BlackElo "2370"]
[Result "1-0"]
[Round "06"]
[TimeControl "180+2"]
[Date "2023.05.30"]
[WhiteClock "0:00:10"]
[BlackClock "0:00:04"]

1. d4 Nf6 2. c4 Nc6 3. Nf3 e6 4. a3 d6 5. Nc3 g6 6. e4 Bg7 7. Be2 O-O 8. O-O Re8 9. h3 e5 10. d5 Nd4 11. Be3 Nxe2+ 12. Qxe2 Nh5 13. c5 Nf4 14. Qc2 Qf6 15. cxd6 Nxh3+ 16. Kh1 cxd6 17. Nb5 Bd7 18. Nc7 Rec8 19. Rac1 Rab8 20. Qb3 b6 21. Nb5 Rxc1 22. Rxc1 g5 23. Nh2 Nxf2+ 24. Bxf2 Bxb5 25. Qxb5 Qxf2 26. Rf1 Qh4 27. Qd7 Rf8 28. Kg1 Qxe4 29. Qxd6 g4 30. Qd7 Qe3+ 31. Kh1 h5 32. Qf5 Qe2 33. Rf2 Qe1+ 34. Rf1 Qe2 35. Rf2 Qe1+ 36. Rf1 Qd2 37. Qxh5 g3 38. Nf3 Qxd5 39. Ng5 Rd8 40. Qh7+ Kf8 41. Qf5 Rd7 42. Nh7+ Kg8 43. Ng5 e4 44. Qh7+ Kf8 45. Qh5 f6 46. Nh7+ Kg8 47. Qg6 Rf7 48. Rc1 Qd7 49. Rf1 Kh8 50. Ng5 Kg8 51. Qh7+ Kf8 52. Nxf7 Kxf7 53. Qxe4 Qe6 54. Qb7+ Kg6 55. Qf3 f5 56. Qxg3+ Kf6 57. Qh3 Kf7 58. Qh5+ Kf6 59. Qh4+ Kg6 60. Qg3+ Kf6 61. Qf3 Bh6 62. Qh5 Bg5 63. Qh8+ Kg6 64. Qh3 Qe4 65. Qf3 Qh4+ 66. Kg1 Bf6 67. Qxf5+ Kg7 68. Qxf6+ Qxf6 69. Rxf6 Kxf6 70. Kf2 Ke5 71. Ke3 b5 72. Kd3 a5 73. Kc3 Kd5 74. g4 1-0


[Site "https://www.chess.com"]

[Event "Titled Tuesday Blitz May 30 Early 2023"]
[White "Santos Flores, Alberto"]
[Black "Fajdetic, Hrvoje"]
[WhiteFideId "3601234"]
[BlackFideId "14501945"]
[WhiteElo "2235"]
[BlackElo "2185"]
[Result "0-1"]
[Round "06"]
[TimeControl "180+2"]
[Date "2023.05.30"]
[WhiteClock "0:00:07"]
[BlackClock "0:00:14"]

1. e4 e6 2. d4 d5 3. Nc3 dxe4 4. Nxe4 Nd7 5. g3 Ngf6 6. Nxf6+ Nxf6 7. Bg2 Bd6 8. Nf3 O-O 9. O-O Rb8 10. Ne5 Bxe5 11. dxe5 Nd7 12. f4 b6 13. Be3 Bb7 14. Bxb7 Rxb7 15. Qf3 Qc8 16. Rad1 c5 17. Rd6 Nb8 18. Rfd1 Rd7 19. Qa8 Rxd6 20. exd6 Qd7 21. Qe4 Nc6 22. c3 Rd8 23. g4 Ne7 24. Bf2 Nc8 25. f5 exf5 26. gxf5 Nxd6 27. Qe5 f6 28. Qd5+ Qf7 29. Qc6 Nb7 30. Rxd8+ Nxd8 31. Qd6 Qe8 32. Bg3 Nf7 33. Qc7 h5 34. Qxa7 Qe3+ 35. Bf2 Qg5+ 36. Kf1 Qxf5 37. Qxb6 Ng5 38. Qb8+ Kh7 39. Qg3 Qb1+ 40. Kg2 Qxa2 41. h4 Qd5+ 42. Kf1 Qd1+ 43. Kg2 Qd5+ 44. Kf1 Ne4 45. Qe3 Qd1+ 46. Kg2 Qg4+ 47. Kh2 c4 48. Be1 g5 49. hxg5 fxg5 50. Qa7+ Kg6 51. Qb6+ Nf6 52. Qe3 h4 53. Bd2 Qf5 54. Qe7 Ng4+ 55. Kh1 Qf1# 0-1


[Site "https://www.chess.com"]

[Event "Titled Tuesday Blitz May 30 Early 2023"]
[White "Kokoszczynski, Jan"]
[Black "Rose, Felix"]
[WhiteFideId "1174460"]
[BlackFideId "5105722"]
[WhiteElo "2139"]
[BlackElo "2039"]
[Result "1-0"]
[Round "06"]
[TimeControl "180+2"]
[Date "2023.05.30"]
[WhiteClock "0:00:01"]
[BlackClock "0:00:00"]

1. c4 e6 2. Nc3 d5 3. d4 Nf6 4. cxd5 exd5 5. Bg5 c6 6. e3 Be7 7. Bd3 Nbd7 8. Nge2 h6 9. Bh4 Nh5 10. Bxe7 Qxe7 11. O-O O-O 12. Rc1 Nb6 13. Bb1 g6 14. b3 Bg4 15. Qd2 Ng7 16. Nf4 Bf5 17. Nd3 Rae8 18. Rce1 Qf6 19. f3 Bc8 20. Kh1 Nf5 21. Re2 Qh4 22. Kg1 Re7 23. a4 Rfe8 24. Rfe1 Qg5 25. Ne5 Nd7 26. f4 Qf6 27. Ng4 Qg7 28. Bxf5 gxf5 29. Ne5 Nf6 30. Kh1 Ne4 31. Qc2 f6 32. Nf3 Kh8 33. b4 Rg8 34. Rg1 Qg4 35. Nxe4 fxe4 36. Ne1 Reg7 37. Rf2 Qh4 38. Qe2 Rg4 39. f5 R8g5 40. Qf1 Rh5 41. h3 Rg3 42. Kh2 Qg5 43. Rf4 Rxe3 44. Qf2 Ra3 45. b5 Rxa4 46. Kh1 1-0


[Site "https://www.chess.com"]